 Dungeon Crawl Stone Soup version 0.30.0-21-gd299b56b3f (webtiles) character file.

Game seed: 9850193070435598085

450 qw the Chopper (level 7, -5/44 HPs)
             Began as a Gargoyle Fighter on June 2, 2023.
             Slain by a gnoll
             ... wielding a +0 spear
             ... led by a gnoll bouda
              (7 damage)
             ... on level 4 of the Dungeon.
             The game lasted 00:02:20 (2913 turns).

qw the Chopper (Gargoyle Fighter)                   Turns: 2913, Time: 00:02:21

Health: -5/44      AC: 15    Str: 22    XL:     7   Next: 4%
Magic:  7/7        EV:  8    Int:  8    God:
Gold:   140        SH:  4    Dex:  9    Spells: 6/6 levels left

rFire   . . .        Y - +1 war axe (protect)
rCold   . . .        c - +0 buckler
rNeg    + . .        j - +0 chain mail
rPois   inf          (no helmet)
rElec   +            g - +0 cloak
rCorr   +            (no gloves)
SInv    .            (no boots)
Will    .....        (no amulet) Stlth
                     e - ring of resist corrosion
HPRegen 0.27/turn    (no ring)
MPRegen 0.10/turn

%: no passive effects
@: no status effects
A: sickness immunity, AC +4, negative energy resistance 1, electricity
resistance, torment resistance 1, petrification resistance
a: no special abilities


You were on level 4 of the Dungeon.
You visited 1 branch of the dungeon, and saw 4 of its levels.

You collected 1060 gold pieces.
You spent 920 gold pieces at shops.


Innate Abilities, Weirdness & Mutations

You are immune to sickness and miasma.
Your stone body is resilient. (AC +4)
You are immune to poison.
You resist negative energy. (rN+)
You are resistant to electric shocks. (rElec)
You are resistant to unholy torment.
You are immune to petrification.


   Skills:
 - Level 4.6 Fighting
 - Level 6.1 Axes
 - Level 3.2 Armour
 + Level 0.0 Dodging
 - Level 3.2 Shields


You had 6 spell levels left.
You didn't know any spells.
Your spell library was empty.

Inventory:

Hand Weapons
 k - a +0 flail
 Y - a +1 war axe of protection (weapon)
Armour
 b - +0 ice dragon scales
 c - a +0 buckler (worn)
 g - a +0 cloak (worn)
 j - a +0 chain mail (worn)
 m - a scarf of invisibility
Jewellery
 e - a ring of resist corrosion (left hand)
 f - an amulet of the acrobat
Scrolls
 l - a scroll of identify
 n - a scroll of fog {unknown}
Potions
 a - a potion of resistance {unknown}
 d - 2 potions of might
 h - a potion of heal wounds {unknown}
 i - a potion of degeneration {unknown}

Dungeon Overview and Level Annotations

Branches:
Dungeon (4/15)
 Temple: D:4-7

Altars:
Ru
Trog
Uskayaw
Xom

Shops:
D:4 *:


Message History

The gnoll picks up the pace!
The gnoll hits you but does no damage.
You hit the gnoll bouda.
The gnoll bouda is severely wounded.
The gnoll bouda barely misses you. The gnoll barely misses you.
You slash the gnoll bouda!
You kill the gnoll bouda!
The gnoll barely misses you.
Your Axes skill increases to level 6!
You have reached level 7!
2904 ||| Stepping ~*~*~tactically~*~*~ (hiding).
The gnoll hits you but does no damage. The gnoll barely misses you.
You barely miss the gnoll. The gnoll hits you with a +0 spear.
The gnoll hits you but does no damage. The gnoll barely misses you.
You closely miss the gnoll. The gnoll barely misses you.
You block the gnoll's attack.
You barely miss the gnoll.
The gnoll is no longer moving quickly.
The gnoll hits you from afar with a +0 spear.
The gnoll hits you with a +0 spear.
You closely miss the gnoll.
The gnoll hits you from afar with a +0 spear.
The gnoll hits you with a +0 spear. The gnoll hits you but does no damage.
You barely miss the gnoll. The gnoll barely misses you.
The gnoll hits you from afar with a +0 spear.
The gnoll barely misses you.
You slash the gnoll!
Your weapon exudes an aura of protection.
The gnoll is severely wounded.
The gnoll hits you but does no damage. x2
You closely miss the gnoll.
The gnoll is severely wounded.
The gnoll hits you but does no damage. The gnoll barely misses you.
The gnoll hits you from afar with a +0 spear.
You closely miss the gnoll.
The gnoll is severely wounded.
The gnoll hits you but does no damage.
The gnoll hits you from afar with a +0 spear!
You die...

#%# ..# #. .#
#######.# .#
......#.# ..
#####.#.# .## #
#.#.# gg #
#.#.# g# #
#.#.#########g#
#
#.#.........@>#
#
#.#.###########
# #....#
#######..#
.........#
#######..##
#...# ##..#
#..#


You could see 4 gnolls.

Vanquished Creatures
  A black bear (D:4)
  A scorpion (D:4)
  A gnoll bouda (D:4)
  2 iguanas (D:4)
  An orc wizard (D:3)
  A gnoll (D:4)
  7 adders
  A worm (D:2)
  A dart slug (D:3)
  12 orcs
  12 ball pythons
  7 endoplasms
  4 giant cockroaches
  7 goblins
  7 hobgoblins
  14 jackals
  4 quokkas
  7 bats
  A frilled lizard (D:2)
  7 kobolds
  9 rats
107 creatures vanquished.

Notes
Turn   | Place    | Note
-------+----------+-------------------------------------------
     0 | D:1      | qw the Gargoyle Fighter began the quest for the Orb.
     0 | D:1      | Reached XP level 1. HP: 14/14 MP: 1/1
     0 | D:1      | 0 ||| qw: Version: 0.2-a-102-gdf20003
     0 | D:1      | 0 ||| qw: Game counter: 835
     0 | D:1      | 0 ||| qw: Always use a shield: true
     0 | D:1      | 0 ||| qw: God list: Okawaru
     0 | D:1      | 0 ||| qw: Allow faded altars: false
     0 | D:1      | 0 ||| qw: Do Orc after D:15 true
     0 | D:1      | 0 ||| qw: Do second Lair branch before Depths: true
     0 | D:1      | 0 ||| qw: Lair rune preference: random
     0 | D:1      | 0 ||| qw: Plans: Normal, Zot:1-4, Slime:5, God:TSO, Crypt,
                  | Tomb, Pan, Hells, Abyss, Win
     0 | D:1      | 0 ||| PLANNING D:1-11
    53 | D:1      | Reached skill level 2 in Axes
   138 | D:1      | Reached XP level 2. HP: 19/19 MP: 2/2
   372 | D:1      | 372 ||| Stepping ~*~*~tactically~*~*~ (stealth).
   383 | D:1      | Reached skill level 3 in Axes
   386 | D:1      | Reached XP level 3. HP: 23/23 MP: 3/3
   473 | D:1      | 473 ||| Stepping ~*~*~tactically~*~*~ (stealth).
   777 | D:1      | 777 ||| UPGRADING to ring of resist corrosion.
   778 | D:1      | 778 ||| READING scroll labelled FIMENN UGIERCH.
   778 | D:1      | Identified a scroll of acquirement
   778 | D:1      | 778 ||| ACQUIRING 933 gold pieces
   778 | D:1      | Acquired 933 gold pieces
   780 | D:1      | 780 ||| READING scroll labelled DAJOMA ODE.
   781 | D:1      | 781 ||| READING scroll labelled MAUMNU BILI.
   897 | D:2      | 897 ||| Stepping ~*~*~tactically~*~*~ (stealth).
   907 | D:2      | Reached XP level 4. HP: 25/28 MP: 4/4
   924 | D:2      | Reached skill level 4 in Axes
  1035 | D:2      | 1035 ||| Stepping ~*~*~tactically~*~*~ (stealth).
  1043 | D:2      | 1043 ||| Stepping ~*~*~tactically~*~*~ (stealth).
  1331 | D:2      | 1331 ||| UPGRADING to +0 cloak.
  1336 | D:2      | 1336 ||| READING scroll labelled FITEWN DOAG.
  1356 | D:3      | 1356 ||| FLEEEEING.
  1357 | D:3      | 1357 ||| FLEEEEING.
  1358 | D:3      | 1358 ||| STAIRDANCE
  1511 | D:3      | Reached XP level 5. HP: 32/32 MP: 5/5
  1532 | D:3      | Found a shimmering altar of Xom.
  1536 | D:3      | 1536 ||| STAIRDANCE
  1543 | D:3      | 1543 ||| Stepping ~*~*~tactically~*~*~ (stealth).
  1546 | D:3      | 1546 ||| Stepping ~*~*~tactically~*~*~ (hiding).
  1710 | D:3      | 1710 ||| Stepping ~*~*~tactically~*~*~ (stealth).
  1711 | D:3      | 1711 ||| Stepping ~*~*~tactically~*~*~ (stealth).
  1804 | D:3      | 1804 ||| FLEEEEING.
  1805 | D:3      | 1805 ||| FLEEEEING.
  1806 | D:3      | 1806 ||| FLEEEEING.
  1807 | D:3      | 1807 ||| FLEEEEING.
  1808 | D:3      | 1808 ||| FLEEEEING.
  1809 | D:3      | 1809 ||| FLEEEEING.
  1810 | D:3      | 1810 ||| FLEEEEING.
  1811 | D:3      | 1811 ||| FLEEEEING.
  1812 | D:3      | 1812 ||| FLEEEEING.
  1813 | D:3      | 1813 ||| FLEEEEING.
  1814 | D:3      | 1814 ||| FLEEEEING.
  1815 | D:3      | 1815 ||| FLEEEEING.
  1816 | D:3      | 1816 ||| FLEEEEING.
  1817 | D:3      | 1817 ||| FLEEEEING.
  1819 | D:3      | 1819 ||| FLEEEEING.
  1820 | D:3      | 1820 ||| FLEEEEING.
  1821 | D:3      | 1821 ||| FLEEEEING.
  1822 | D:3      | 1822 ||| FLEEEEING.
  1823 | D:3      | 1823 ||| FLEEEEING.
  1824 | D:3      | 1824 ||| FLEEEEING.
  1825 | D:3      | 1825 ||| FLEEEEING.
  1826 | D:3      | 1826 ||| FLEEEEING.
  1827 | D:3      | 1827 ||| FLEEEEING.
  1828 | D:3      | 1828 ||| FLEEEEING.
  1829 | D:3      | 1829 ||| FLEEEEING.
  1830 | D:3      | 1830 ||| FLEEEEING.
  1831 | D:3      | 1831 ||| FLEEEEING.
  1832 | D:3      | 1832 ||| FLEEEEING.
  1833 | D:3      | 1833 ||| FLEEEEING.
  1834 | D:3      | 1834 ||| FLEEEEING.
  1835 | D:3      | 1835 ||| FLEEEEING.
  1836 | D:3      | 1836 ||| FLEEEEING.
  1837 | D:3      | 1837 ||| FLEEEEING.
  1838 | D:3      | 1838 ||| FLEEEEING.
  1839 | D:3      | 1839 ||| FLEEEEING.
  1840 | D:3      | 1840 ||| FLEEEEING.
  1841 | D:3      | 1841 ||| FLEEEEING.
  1842 | D:3      | 1842 ||| FLEEEEING.
  1843 | D:3      | 1843 ||| FLEEEEING.
  1844 | D:3      | 1844 ||| FLEEEEING.
  1845 | D:3      | 1845 ||| FLEEEEING.
  1846 | D:3      | 1846 ||| FLEEEEING.
  1847 | D:3      | 1847 ||| FLEEEEING.
  1848 | D:3      | 1848 ||| FLEEEEING.
  1849 | D:3      | 1849 ||| STAIRDANCE
  1853 | D:3      | 1853 ||| STAIRDANCE
  1858 | D:3      | 1858 ||| STAIRDANCE
  1862 | D:3      | 1862 ||| STAIRDANCE
  1866 | D:3      | 1866 ||| STAIRDANCE
  1870 | D:3      | 1870 ||| STAIRDANCE
  1874 | D:3      | 1874 ||| STAIRDANCE
  1878 | D:3      | 1878 ||| STAIRDANCE
  1882 | D:3      | 1882 ||| STAIRDANCE
  1886 | D:3      | 1886 ||| STAIRDANCE
  1890 | D:3      | 1890 ||| STAIRDANCE
  1894 | D:3      | 1894 ||| STAIRDANCE
  1898 | D:3      | 1898 ||| STAIRDANCE
  1902 | D:3      | 1902 ||| STAIRDANCE
  1906 | D:3      | 1906 ||| STAIRDANCE
  1910 | D:3      | 1910 ||| STAIRDANCE
  1914 | D:3      | 1914 ||| STAIRDANCE
  1918 | D:3      | 1918 ||| STAIRDANCE
  1938 | D:3      | 1938 ||| FLEEEEING.
  1939 | D:3      | 1939 ||| FLEEEEING.
  1971 | D:3      | 1971 ||| FLEEEEING.
  1972 | D:3      | 1972 ||| FLEEEEING.
  1973 | D:3      | 1973 ||| FLEEEEING.
  1978 | D:3      | 1978 ||| FLEEEEING.
  1979 | D:3      | 1979 ||| FLEEEEING.
  1985 | D:3      | 1985 ||| FLEEEEING.
  1986 | D:3      | 1986 ||| FLEEEEING.
  1987 | D:3      | 1987 ||| FLEEEEING.
  1989 | D:3      | 1989 ||| FLEEEEING.
  1991 | D:3      | 1991 ||| FLEEEEING.
  2113 | D:2      | 2113 ||| Stepping ~*~*~tactically~*~*~ (stealth).
  2127 | D:2      | 2127 ||| Stepping ~*~*~tactically~*~*~ (stealth).
  2211 | D:2      | 2211 ||| READING scroll labelled LUPUOXA TELIT.
  2237 | D:3      | Found a hide-covered altar of Uskayaw.
  2237 | D:3      | Found a bloodstained altar of Trog.
  2317 | D:3      | 2317 ||| Stepping ~*~*~tactically~*~*~ (hiding).
  2344 | D:3      | Reached skill level 5 in Axes
  2345 | D:3      | HP: 5/32 [something (4)]
  2497 | D:3      | 2497 ||| DROPPING +0 mace.
  2615 | D:3      | 2615 ||| UPGRADING to +0 chain mail.
  2625 | D:3      | 2625 ||| DROPPING +0 scale mail.
  2640 | D:4      | Reached XP level 6. HP: 39/39 MP: 6/6
  2652 | D:4      | Found Taf Zaocw's Tiny Tomes.
  2671 | D:4      | Found Iuraq's Incredible Inventory.
  2680 | D:4      | 2680 ||| BUYING +0 ice dragon scales (600 gold).
  2680 | D:4      | Bought +0 ice dragon scales for 600 gold pieces
  2680 | D:4      | 2680 ||| BUYING amulet of the acrobat (300 gold).
  2680 | D:4      | Bought an amulet of the acrobat for 300 gold pieces
  2680 | D:4      | 2680 ||| SHOPLISTING ring of ice (250 gold, have 148).
  2680 | D:4      | 2680 ||| BUYING scroll of identify (20 gold).
  2680 | D:4      | Bought a scroll of identify for 20 gold pieces
  2782 | D:4      | Noticed a black bear
  2783 | D:4      | 2783 ||| Stepping ~*~*~tactically~*~*~ (stealth).
  2785 | D:4      | 2785 ||| Stepping ~*~*~tactically~*~*~ (stealth).
  2787 | D:4      | 2787 ||| Stepping ~*~*~tactically~*~*~ (hiding).
  2794 | D:4      | Killed a black bear
  2802 | D:4      | Found a sacrificial altar of Ru.
  2821 | D:4      | 2821 ||| Stepping ~*~*~tactically~*~*~ (stealth).
  2868 | D:4      | 2868 ||| Stepping ~*~*~tactically~*~*~ (stealth).
  2870 | D:4      | 2870 ||| Stepping ~*~*~tactically~*~*~ (stealth).
  2872 | D:4      | 2872 ||| Stepping ~*~*~tactically~*~*~ (hiding).
  2904 | D:4      | Reached skill level 6 in Axes
  2904 | D:4      | Reached XP level 7. HP: 17/44 MP: 7/7
  2904 | D:4      | 2904 ||| Stepping ~*~*~tactically~*~*~ (hiding).
  2909 | D:4      | HP: 10/44 [gnoll/+0 spear[a gnoll bouda] (3)]
  2910 | D:4      | HP: 2/44 [gnoll/+0 spear[a gnoll bouda] (6)]
  2913 | D:4      | Slain by a gnoll

Levels and vault maps discovered:
D:1:      onia_arrival_handbag, layout_loops_ring
D:2:      minmay_alternating_diamond, layout_loops_cross
D:3:      layout_loops_cross, gammafunk_temple_overflow_wave, xom_teletrap_fun,
          serial_park_tiny_2, kennysheep_generic_room_14
D:4:      layout_loops_ring, nicolae_ru_awakened_eye, nicolae_alphabet_shops,
          nicolae_shop_i_like_small_books_too

Skill      XL: |  1  2  3  4  5  6 |
---------------+-------------------+-----
Axes           | 2 3 4 5 6 |  6.1
Fighting       | 4 |  4.6
Armour         | |  3.2
Shields        | |  3.2

Action                     |  1- 3 |  4- 6 |  7- 9 || total
---------------------------+-------+-------+-------++-------
  Melee: War axe           |   119 |   229 |     8 ||   356
    Use: Scroll            |     3 |     2 |       ||     5
 Armour: Scale mail        |    56 |   106 |       ||   162
         Chain mail        |       |    50 |     7 ||    57
  Dodge: Dodged            |    51 |   119 |     6 ||   176
  Block: Buckler           |    29 |    42 |     1 ||    72

Table legend:
 A = Non-vault XP
 B = Vault XP
 C = Vault XP percentage of total XP
 D = Non-vault monster count
 E = Vault monster count
 F = Vault count percentage of total count
                 A         B        C        D         E       F
            +---------+---------+-------+---------+---------+-------
      Total |     593 |      50 |   7.8 |      96 |      11 |  10.3
            +---------+---------+-------+---------+---------+-------
        D:1 |      57 |       4 |   6.6 |      33 |       4 |  10.8
        D:2 |      59 |      44 |  42.7 |      19 |       6 |  24.0
        D:3 |     110 |       2 |   1.8 |      30 |       1 |   3.2
        D:4 |     367 |       0 |   0.0 |      14 |       0 |   0.0
            +---------+---------+-------+---------+---------+-------
